 Dungeon Crawl Stone Soup version 0.29-a0-319-gad05b8d819 (webtiles) character file.

Game seed: 4583573926293901121

97 GigaChad the Ducker (level 4, -3/42 HPs)
             Began as a Troll Warper on Apr 2, 2022.
             Was an Initiate of Ashenzari.
             Slain by a gnoll
             ... wielding a +0 halberd
              (11 damage)
             ... on level 3 of the Dungeon.
             The game lasted 00:14:26 (1464 turns).

GigaChad the Ducker (Troll Warper)                  Turns: 1464, Time: 00:14:27

Health: -3/42      AC:  4    Str: 19    XL:     4   Next: 42%
Magic:  5/5        EV: 10    Int:  9    God:    Ashenzari [......]
Gold:   124        SH:  5    Dex: 11    Spells: 5/5 levels left

rFire   . . .      SeeInvis .   e - staff of conjuration
rCold   . . .      Faith    .   (no shield)
rNeg    . . .      Spirit   .   a - +0 robe
rPois   .          Reflect  +   (helmet restricted)
rElec   .          Harm     .   (no cloak)
rCorr   .          Rampage  .   (gloves unavailable)
Will    .....                   (boots unavailable)
Stlth   +.........              f - amulet of reflection
HPRegen 0.94/turn               (no ring)
MPRegen 0.09/turn               (no ring)

@: no status effects
A: large, unfitting armour, claws 3, regeneration 1, shaggy fur 1, tough skin 1
a: Renounce Religion, Curse Item


You were on level 3 of the Dungeon.
You worshipped Ashenzari.
Ashenzari was noncommittal.
You visited 1 branch of the dungeon, and saw 3 of its levels.

You collected 124 gold pieces.

Inventory:

Missiles
 c - 7 boomerangs of dispersal (quivered)
 g - 3 javelins
Armour
 a - a +0 robe (worn)
 i - a +0 ring mail
Magical Staves
 e - a staff of conjuration (weapon)
Jewellery
 f - an amulet of reflection (around neck)
Scrolls
 b - 2 scrolls of blinking
 j - a scroll of torment {unknown}
 m - a scroll of amnesia
Potions
 d - 2 potions of might
 h - 2 potions of invisibility {unknown}
 l - a potion of attraction {unknown}


   Skills:
 + Level 2.0 Fighting
 + Level 1.4 Staves
 + Level 1.1 Throwing
 + Level 2.5 Dodging
 + Level 0.8 Shields
 + Level 2.3 Unarmed Combat
 + Level 1.3 Spellcasting
 + Level 2.3 Translocations


You had 5 spell levels left.
You didn't know any spells.
Your spell library contained the following spells:

 Spells                   Type           Power      Damage    Failure   Level
 Blink                    Tloc           8%         N/A       21%         2
 Gell's Gravitas          Tloc           4%         N/A       38%         3
 Lesser Beckoning         Tloc           4%         N/A       38%         3
 Teleport Other           Tloc           4%         N/A       38%         3
 Manifold Assault         Tloc           4%         N/A       98%         5


Dungeon Overview and Level Annotations

Branches:
Dungeon (3/15)

Altars:
Ashenzari
Cheibriados

Shops:
D:3 [


Innate Abilities, Weirdness & Mutations

You are too large for most types of armour.
You have claws for hands.
Your natural rate of healing is unusually fast.
You are covered in fur. (AC +1)
You have tough skin. (AC +1)


Message History

The gnoll hits you from afar with a +0 halberd.
A gnoll shaman comes into view. It is wielding a +0 whip.
As you read the scroll labelled VUTUFRUOFO, it crumbles to dust.
You feel strangely unstable.
It was a scroll of teleportation.
The gnoll closely misses you.
The orc wizard casts a spell.
The orc wizard flickers and vanishes!
Deactivating autopickup; reactivate with Ctrl-A.
The gnoll closely misses you.
Your surroundings suddenly seem different.
The goblin shouts!
The goblin hits you but does no damage.
You closely miss the goblin. The goblin hits you but does no damage.
You miss the goblin. The goblin closely misses you.
You hit the goblin but do no damage. The gnoll hits you but does no damage.
The goblin hits you but does no damage.
You hit the goblin.
The goblin is severely wounded.
The gnoll hits you from afar with a +0 halberd.
The goblin hits you but does no damage.
You barely miss the goblin.
The goblin is severely wounded.
The gnoll hits you from afar with a +0 halberd!
The goblin hits you with a +0 dagger.
You miss the goblin.
The goblin is severely wounded.
The gnoll closely misses you. The goblin hits you but does no damage.
You barely miss the goblin.
The goblin is severely wounded.
The gnoll closely misses you. The goblin hits you with a +0 dagger.
The gnoll hits you with a +0 halberd! The gnoll hits you with a +0 halberd!
* * * LOW HITPOINT WARNING * * *
The goblin hits you with a +0 dagger.
* * * LOW HITPOINT WARNING * * *
You barely miss the gnoll. The gnoll barely misses you.
The goblin barely misses you. The gnoll closely misses you.
The goblin hits you but does no damage.
You barely miss the gnoll. The gnoll hits you with a +0 halberd!
You die...

.♣♣♣ ##.####...#####
#..#..###...'.###
##.##....##.##...##
#..#.....#..#..#...
##.##..†.##.##.####.
#...###†.'..#[.# ##
#+#...####.##.##
#.###...#..#..
#og@###...##.#
#..#.g.###.#..
#.####...##### # #..
+#...# . ##.# #.##..
.. #..# ..#..
####g## #.##.# #+
#..o..### ..#.. ..
#o###...####.##.#
#.#


You could see a gnoll, an orc and a goblin.

Vanquished Creatures
  4 adders
  A worm (D:2)
  3 dart slugs (D:2)
  An orc (D:3)
  6 endoplasms
  3 giant cockroaches
  4 goblins
  4 hobgoblins
  2 quokkas
  7 ball pythons
  A bat (D:2)
  7 frilled lizards
  3 kobolds
  5 rats
51 creatures vanquished.

Vanquished Creatures (others)
  3 plants (D:3)
3 creatures vanquished.

Grand Total: 54 creatures vanquished

Notes
Turn   | Place    | Note
-------+----------+-------------------------------------------
     0 | D:1      | GigaChad the Troll Warper began the quest for the Orb.
     0 | D:1      | Reached XP level 1. HP: 19/19 MP: 1/1
   215 | D:1      | Reached skill level 1 in Throwing
   261 | D:1      | Reached XP level 2. HP: 23/28 MP: 3/3
   515 | D:2      | Reached XP level 3. HP: 35/35 MP: 4/4
   553 | D:2      | Reached skill level 1 in Staves
   689 | D:2      | Found a faded altar of an unknown god.
   762 | D:2      | Prayed at the altar of an unknown god.
   762 | D:2      | Became a worshipper of Ashenzari the Shackled
   991 | D:2      | Found a snail-covered altar of Cheibriados.
  1016 | D:2      | Reached XP level 4. HP: 42/42 MP: 5/5
  1170 | D:3      | Found Tofideaf's Armour Shoppe.
  1464 | D:3      | Slain by a gnoll

Illustrated notes

Levels and vault maps discovered:
D:1:      roderic_crossed_star, layout_loops_ring
D:2:      layout_rooms, ebering_ecumenical_altar_mist, basic_altar
D:3:      minmay_skewed_foursquare, layout_basic, serial_shops, shop,
          serial_forest, infiniplex_forest_lined_3_way,
          infiniplex_forest_straight_2, infiniplex_forest_lined_1,
          infiniplex_forest_clump_curved, infiniplex_forest_join,
          infiniplex_forest_lined_2, infiniplex_forest_end_3,
          infiniplex_forest_fountain, infiniplex_forest_clump_medium,
          infiniplex_forest_end_3, minmay_fractal_squares_gapless_5

Skill      XL: |  1  2  3  4 |
---------------+-------------+-----
Throwing       | 1 |  1.1
Dodging        | 2 |  2.5
Staves         | 1 |  1.4
Fighting       | 2 |  2.0
Shields        | |  0.8
Unarmed Combat | |  2.3
Spellcasting   | |  1.3
Translocations | |  2.3

Action                   |  1- 3 |  4- 6 || total
-------------------------+-------+-------++-------
Melee: Staff             |   143 |    62 ||   205
       Unarmed           |    16 |       ||    16
       Punch             |     2 |       ||     2
  Use: Scroll            |     2 |     1 ||     3
 Stab: Sleeping          |       |     1 ||     1
Armor: Robe              |    84 |    25 ||   109
Dodge: Dodged            |   138 |    40 ||   178
Block: Other             |    65 |    16 ||    81
       Reflection        |     1 |       ||     1

Table legend: (Time is in decaauts)
 A = Elapsed time spent in this place.
 B = Non-inter-level travel time spent in this place.
 C = Inter-level travel time spent in this place.
 D = Time resting spent in this place.
 E = Time spent auto-exploring this place.
 F = Levels seen in this place.
 G = Mean time per level.
                   A        B        C        D        E       F      G
               +--------+--------+--------+--------+--------+-----+--------+
         Total |   1494 |   1481 |     13 |      0 |      0 |   3 |  498.0 |
       Dungeon |   1494 |   1481 |     13 |      0 |      0 |   3 |  498.0 |
               +--------+--------+--------+--------+--------+-----+--------+

Top non-repeatable levels by time:
     D:2: 724 daAuts
     D:1: 448 daAuts
     D:3: 322 daAuts
